 Dungeon Crawl Stone Soup version 0.23.2-1-ga50397a (webtiles) character file.

Game seed: 10935503113783149043

2912 doot the Poker (level 9, -3/97 (99) HPs)
             Began as a Demonspawn Chaos Knight on May 21, 2019.
             Was a Plaything of Xom.
             Slain by a yak (4 damage)
             ... on level 7 of the Dungeon.
             The game lasted 00:28:19 (8708 turns).

doot the Poker (Demonspawn Chaos Knight)            Turns: 8708, Time: 00:28:20

HP:   -3/97 (99)    AC: 24    Str: 19    XL:     9   Next: 49%
MP:   7/15          EV:  2    Int: 13    God:    Xom [...*..]
Gold: 438           SH:  0    Dex: 15    Spells: 8/16 levels left

rFire    . . .     SeeInvis .   a - +0 spear (chaos)
rCold    . . .     Gourm    .   (no shield)
rNeg     + + +     Faith    .   (armour currently unavailable)
rPois    +         Spirit   .   (helmet currently unavailable)
rElec    .         Reflect  .   (cloak currently unavailable)
rCorr    .         Harm     .   (gloves currently unavailable)
MR       .....     NoTele   +   (boots currently unavailable)
Stlth    +++.......             (no amulet)
HPRegen  1.26/turn              (no ring)
MPRegen  0.14/turn              (no ring)

@: mighty, tree-form, very slightly contaminated, hasted, very quick
A: powered by death 2, powered by pain 1
a: Renounce Religion


You were on level 7 of the Dungeon.
You worshipped Xom.
You were a favourite toy of Xom.
You were hungry.
You were a tree.
You visited 2 branches of the dungeon, and saw 9 of its levels.

You collected 438 gold pieces.

Inventory:

Hand Weapons
 a - a +0 spear of chaos (weapon)
 o - a +0 spear
 v - a +0 halberd
Missiles
 y - a throwing net (quivered)
Armour
 b - a +2 leather armour (melded)
 l - a +0 helmet
 q - a +0 cloak (melded)
Jewellery
 B - a +3 ring of evasion {unknown}
Wands
 g - a wand of flame (18)
 r - a wand of digging (6)
 s - a wand of paralysis (6)
Scrolls
 e - 2 scrolls of fog {unknown}
 f - 3 scrolls of identify
 h - 2 scrolls of teleportation
 i - 2 scrolls of noise {unknown}
 j - a scroll of holy word {unknown}
 k - a scroll of fear {unknown}
 m - a scroll of magic mapping {unknown}
 p - a scroll of silence {unknown}
 t - a scroll of blinking {unknown}
 u - 3 scrolls of remove curse {unknown}
 w - a scroll of amnesia {unknown}
 x - 2 scrolls of random uselessness {unknown}
Comestibles
 c - 15 rations


   Skills:
 + Level 4.7 Fighting
 + Level 6.9 Polearms
 + Level 3.4 Armour
 + Level 3.3 Dodging
 + Level 4.9 Stealth
 + Level 4.1 Spellcasting
 * Level 4.9 Summonings
 * Level 2.8 Fire Magic


You had 8 spell levels left.
You knew the following spells:

 Your Spells              Type           Power        Failure   Level  Hunger
a - Call Imp              Summ           ###.....     4%          2    ##.....
b - Call Canine Familiar  Summ           ###.....     9%          3    ###....
c - Flame Tongue          Conj/Fire      #....        12%         1    None
d - Throw Flame           Conj/Fire      #.....       17%         2    ##.....

Your spell library contained the following spells:

 Spells                   Type           Power        Failure   Level  Hunger
 Summon Small Mammal      Summ           ###.         2%          1    None
 Beastly Appendage        Tmut           #.....       21%         1    None
 Corona                   Hex            #......      21%         1    None
 Summon Guardian Golem    Hex/Summ       #.......     22%         3    ###....
 Ensorcelled Hibernation  Hex/Ice        #.....       30%         2    ##.....
 Sticks to Snakes         Tmut           #.......     30%         2    ##.....
 Conjure Flame            Conj/Fire      #.......     34%         3    ###....
 Inner Flame              Hex/Fire       #.......     34%         3    ###....
 Confuse                  Hex            #.......     52%         3    ###....
 Dazzling Spray           Conj/Hex       #.....       52%         3    ###....
 Spider Form              Tmut/Pois      #.........   52%         3    ###....
 Tukima's Dance           Hex            #.......     52%         3    ###....
 Summon Ice Beast         Ice/Summ       #.......     58%         4    ####...
 Summon Lightning Spire   Summ/Air       #.......     58%         4    ####...
 Sticky Flame             Conj/Fire      #.......     75%         4    ####...
 Ice Form                 Ice/Tmut       #.......     90%         4    ####...
 Fireball                 Conj/Fire      #.........   97%         5    ######.
 Blade Hands              Tmut           #.........   99%         5    ######.


Dungeon Overview and Level Annotations

Branches:
Dungeon (8/15)             Temple (1/1) D:5            Lair (0/6) D:8

Altars:
Ashenzari
Cheibriados
Dithmenos
Elyvilon
Fedhas
Hepliaklqana
Makhleb
Nemelex Xobeh
Okawaru
Qazlal
Ru
Trog
Uskayaw
Wu Jian
Xom
Yredelemnul
Zin
The Shining One

Annotations:
D:4 Grinder


Innate Abilities, Weirdness & Mutations

((You are partially covered in thin metallic scales. (AC +2)))
You regenerate health from kills.
You sometimes gain a little power by taking damage.
((You have a pair of small horns on your head.))
((Your flesh is cold resistant. (rC+)))
((You are occasionally teleported next to monsters.))


Message History

You barely miss the centaur warrior.
The centaur warrior is severely wounded.
Your hound bites the centaur warrior.
The quokka bites you but does no damage.
The centaur warrior hits you but does no damage.
The yak gores you but does no damage. x2
Unknown command.
You puncture the centaur warrior!
You smell something strange.
The centaur warrior is almost dead.
Your hound bites the centaur warrior but does no damage.
The centaur warrior hits you but does no damage.
The quokka bites you but does no damage.
Unknown command.
You puncture the centaur warrior! You burn the centaur warrior.
You kill the centaur warrior!
The yak gores you.
* * * LOW HITPOINT WARNING * * *
The yak gores you.
You die...
Xom laughs nastily!

......#.##.#
#>)[.#..#.§.#
#.###.#.##.#
####.###..÷÷#
...........#
###.########
#.........##
#....### #.##......#
#.#<##.# #.##......#
#.#.##.# #.##......#
#...##.# ..........#
#r)###.#
.######.######
#♣Yh...# .#
###......# ##Y#####
.####.....##.# #.#
......###..#.# #.#
#####.# #.#..# #.###
#.###.##.# #.#.##
### #
#.....#..####..#.###
#.. #
#....#........###..#
#.# #
#........#####.#.#.#
###.#


You could see 2 yaks, a quokka and a friendly hound.

Vanquished Creatures
  A centaur warrior (D:7)
  A hippogriff (D:7)
  Edmund (D:6)
  A porcupine (D:7)
  An ice beast (D:6)
  An ogre (D:7)
  3 centaurs
  A big kobold (D:7)
  2 bullfrogs
  2 scorpions
  3 wights (D:6)
  3 crimson imps
  A centaur zombie (D:5)
  4 hounds
  A quasit (D:7)
  A gnoll shaman (D:7)
  2 orc priests
  A jelly (D:7)
  6 orc wizards
  2 iguanas (D:4)
  4 worker ants
  2 hound zombies
  A hound skeleton (D:6)
  5 adders
  3 gnolls
  2 oozes
  4 dart slugs
  6 worms
  6 leopard geckos
  16 orcs
  2 bats
  3 giant cockroaches
  6 goblins
  6 hobgoblins
  18 jackals
  8 kobolds
  2 quokkas
  A ball python skeleton (D:5)
  3 frilled lizards
  A jackal skeleton (D:6)
  2 leopard gecko skeletons (D:5)
  A quokka skeleton (D:4)
  6 rats
146 creatures vanquished.

Vanquished Creatures (collateral kills)
  A necrophage (D:7)
  A phantom (D:5)
  An ogre (D:5)
  A wight (D:6)
  A quasit (D:6)
  A hound (D:7)
  An orc priest (D:7)
  A centaur skeleton (D:7)
  2 iguanas
  A hound zombie (D:5)
  2 worker ant zombies
  4 gnolls
  An adder (D:6)
  An adder skeleton (D:5)
  A leopard gecko (D:7)
  3 orcs (D:6)
  5 jackals
  A frilled lizard (D:4)
29 creatures vanquished.

Vanquished Creatures (others)
  A kobold (D:1)
1 creature vanquished.

Grand Total: 176 creatures vanquished

Notes
Turn   | Place    | Note
-------+----------+-------------------------------------------
     0 | D:1      | doot the Demonspawn Chaos Knight began the quest for the
                  | Orb.
     0 | D:1      | Reached XP level 1. HP: 18/18 MP: 1/1
   100 | D:1      | Reached skill level 3 in Polearms
   101 | D:1      | Gained mutation: You sometimes gain a little power by
                  | taking damage. [demonic ancestry]
   101 | D:1      | Reached XP level 2. HP: 21/24 MP: 2/2
   202 | D:1      | XOM: medium Erth miscast
   528 | D:2      | Gained mutation: You regenerate a little health from kills.
                  | [demonic ancestry]
   528 | D:2      | Reached XP level 3. HP: 27/29 MP: 3/3
   671 | D:2      | Reached skill level 1 in Stealth
  1261 | D:3      | XOM: give mutations
  1261 | D:3      | Gained mutation: You are somewhat resistant to further
                  | mutation. [Xom's grace]
  1261 | D:3      | Gained mutation: Your mind is acute. (Int +2) [Xom's grace]
  1261 | D:3      | Gained mutation: You are partially covered in thin metallic
                  | scales. (AC +2) [Xom's grace]
  1470 | D:3      | Reached XP level 4. HP: 35/35 MP: 4/4
  1589 | D:3      | Reached skill level 4 in Polearms
  1589 | D:3      | Reached skill level 1 in Dodging
  1704 | D:4      | XOM: fog
  1716 | D:4      | XOM: cleaving
  1731 | D:4      | Reached XP level 5. HP: 30/42 MP: 5/5
  1941 | D:4      | Learned a level 2 spell: Call Imp
  1961 | D:4      | XOM: silly message
  2122 | D:4      | Found a stormy altar of Qazlal.
  2213 | D:4      | XOM: god gift: spear {god gift}
  2363 | D:4      | Noticed Grinder
  2380 | D:4      | XOM: 2-stop teleportation journey
  2402 | D:5      | Entered Level 5 of the Dungeon
  2415 | D:5      | XOM: enchant monster (good)
  2424 | D:5      | XOM: fog
  2447 | D:5      | XOM: smoke on damage
  2632 | D:5      | Noticed a phantom
  2670 | D:4      | Reached skill level 1 in Summonings
  2674 | D:5      | Noticed an ogre
  2674 | D:5      | XOM: scenery: create altars
  2763 | D:5      | Reached XP level 6. HP: 28/48 MP: 6/6
  3030 | D:5      | Reached skill level 5 in Polearms
  3120 | D:5      | Found an ornate altar of the Wu Jian Council.
  3369 | D:5      | Found a staircase to the Ecumenical Temple.
  3570 | Temple   | Entered the Ecumenical Temple
  3717 | D:5      | XOM: butterfly on damage
  3794 | D:5      | XOM: mild Summ miscast
  3899 | D:5      | XOM: summons friendly iron imp
  3970 | D:5      | XOM: cloud trail
  4019 | D:5      | XOM: summons friendly white imp
  4022 | D:5      | Gained mutation: You regenerate health from kills. [demonic
                  | ancestry]
  4022 | D:5      | Reached XP level 7. HP: 24/53 MP: 5/8
  4364 | D:6      | XOM: noise
  4376 | D:6      | Noticed Edmund
  4378 | D:6      | XOM: confuse monster(s)
  4382 | D:6      | XOM: blink monster(s)
  4390 | D:6      | XOM: confusion
  4391 | D:6      | Lost mutation: You are somewhat resistant to further
                  | mutation. [potion of mutation]
  4391 | D:6      | Lost mutation: Your mind is acute. (Int +2) [potion of
                  | mutation]
  4391 | D:6      | Lost mutation: You are partially covered in thin metallic
                  | scales. (AC +2) [potion of mutation]
  4391 | D:6      | Gained mutation: Your flesh is cold resistant. (rC+)
                  | [potion of mutation]
  4391 | D:6      | Gained mutation: You are occasionally teleported next to
                  | monsters. [potion of mutation]
  4391 | D:6      | Gained mutation: Your magical capacity is low. (-10% MP)
                  | [potion of mutation]
  4391 | D:6      | Gained mutation: You have a pair of small horns on your
                  | head. [potion of mutation]
  4397 | D:6      | XOM: enchant monster (bad)
  4405 | D:6      | XOM: noise
  4420 | D:6      | Killed Edmund
  4420 | D:6      | Reached skill level 1 in Spellcasting
  4670 | D:6      | XOM: polymorph crimson imp -> shadow imp
  4732 | D:6      | XOM: enchant monster (bad)
  4759 | D:5      | Learned a level 3 spell: Call Canine Familiar
  4899 | D:6      | XOM: 2-stop teleportation journey
  4955 | D:6      | XOM: mild Tmut miscast
  5148 | D:6      | Reached XP level 8. HP: 59/60 MP: 5/9
  5189 | D:6      | XOM: mild Conj miscast
  5486 | D:6      | XOM: confusion (+ monsters)
  5721 | D:7      | Learned a level 1 spell: Flame Tongue
  5820 | D:7      | Found a white marble altar of Elyvilon.
  5929 | D:7      | Noticed a hippogriff
  5947 | D:7      | Reached skill level 6 in Polearms
  5947 | D:7      | Reached skill level 1 in Fire Magic
  6014 | D:7      | XOM: divination: magic mapping
  6074 | D:7      | XOM: confuse monster(s)
  6081 | D:7      | Killed a hippogriff
  6088 | D:7      | Learned a level 2 spell: Throw Flame
  6160 | D:7      | XOM: mild Necr miscast
  6301 | D:7      | XOM: give mutation
  6301 | D:7      | Lost mutation: Your magical capacity is low. (-10% MP)
                  | [Xom's mischief]
  6412 | D:7      | XOM: harmless Erth miscast
  6639 | D:7      | XOM: god gift: white potion {god gift}
  6667 | D:7      | XOM: confusion (+ monsters)
  6675 | D:7      | Gained mutation: You are partially covered in thin metallic
                  | scales. (AC +2) [demonic ancestry]
  6675 | D:7      | Reached XP level 9. HP: 39/65 MP: 14/14
  7023 | D:8      | XOM: summons 5 friendly demons
  7026 | D:8      | Found a staircase to the Lair.
  7045 | D:8      | XOM: god gift: scroll labeled HIADEU GIKHLUSO {god gift}
  7060 | D:8      | XOM: summons 2 friendly demons
  7206 | D:8      | Noticed a centaur warrior
  7743 | D:3      | Found a shimmering altar of Xom.
  8217 | D:3      | XOM: silly message
  8691 | D:8      | Noticed a kobold demonologist
  8705 | D:7      | XOM: enchant monster (bad)
  8705 | D:7      | HP: 3/97 [yak (3)]
  8708 | D:7      | Killed a centaur warrior
  8708 | D:7      | HP: 1/97 [yak (3)]
  8708 | D:7      | Slain by a yak

Skill      XL: |  1  2  3  4  5  6  7  8  9 |
---------------+----------------------------+-----
Polearms       | 3 4 5 6 |  6.9
Stealth        | 1 2 3 4 |  4.9
Dodging        | 1 2 3 |  3.3
Armour         | 2 3 |  3.4
Summonings     | 1 2 3 4 |  4.9
Fighting       | 4 |  4.7
Spellcasting   | 2 3 4 |  4.1
Fire Magic     | 1 2 |  2.8

Action                   |  1- 3 |  4- 6 |  7- 9 || total
-------------------------+-------+-------+-------++-------
Melee: Spear             |   128 |   175 |   407 ||   710
       Headbutt          |       |       |    51 ||    51
Throw: Throwing net      |       |     1 |       ||     1
 Cast: Call Imp          |       |     7 |    36 ||    43
       Call Canine Famil |       |       |    28 ||    28
       Flame Tongue      |       |       |     4 ||     4
       Throw Flame       |       |       |     1 ||     1
  Use: Potion            |       |       |     9 ||     9
       Scroll            |       |       |     2 ||     2
 Stab: Sleeping          |     1 |     2 |     7 ||    10
       Distracted        |     1 |       |     3 ||     4
       Petrifying        |       |     3 |     2 ||     5
       Held in net/web   |       |     4 |       ||     4
       Paralysed         |       |     2 |    11 ||    13
       Confused          |       |       |     1 ||     1
  Eat: Chunk             |     1 |    10 |    18 ||    29
       Ration            |       |       |     1 ||     1
Armor: Leather armour    |    28 |    33 |   135 ||   196
       Skin              |       |       |    25 ||    25
Dodge: Dodged            |    51 |    67 |   187 ||   305
